 Dungeon Crawl Stone Soup version 0.30-a0-643-g638baaf3f0 (webtiles) character file.

Game seed: 2832663811564961275

1376 Citaku the Covered (level 8, -7/70 HPs)
             Began as a Minotaur Fighter on Jan 16, 2023.
             Was an Initiate of Gozag.
             Mangled by a vampire (11 damage)
             ... on level 6 of the Dungeon.
             The game lasted 00:06:50 (4363 turns).

Citaku the Covered (Minotaur Fighter)               Turns: 4363, Time: 00:06:50

Health: -7/70      AC: 12    Str: 28    XL:     8   Next: 39%
Magic:  7/7        EV:  9    Int:  5    God:    Gozag
Gold:   396        SH:  0    Dex: 11    Spells: 7/7 levels left

rFire   . . .      SeeInvis .    a - +0 war axe
rCold   . . .      Faith    .    c - +0 buckler
rNeg    . . .      Spirit   .    b - +0 scale mail
rPois   .          Reflect  .    (helmet restricted)
rElec   .          Harm     .    B - +0 cloak
rCorr   .          Rampage  .    f - +0 pair of gloves
Will    .....                    p - +0 pair of boots Stlth
                                 l - amulet of regeneration
HPRegen 1.11/turn                e - +4 ring of slaying
MPRegen 0.10/turn                m - +6 ring of strength

@: confused
A: horns 2, retaliatory headbutt
a: Renounce Religion, Potion Petition, Call Merchant, Bribe Branch


You were on level 6 of the Dungeon.
You worshipped Gozag.
Gozag was aware of your devotion.
You visited 2 branches of the dungeon, and saw 7 of its levels.

You collected 437 gold pieces.
You paid 41 gold pieces to Gozag.

Inventory:

Hand Weapons
 a - a +0 war axe (weapon)
Armour
 b - a +0 scale mail (worn)
 c - a +0 buckler (worn)
 f - a +0 pair of gloves (worn)
 p - a +0 pair of boots (worn)
 B - a +0 cloak (worn)
Jewellery
 e - a +4 ring of slaying (left hand)
 l - an amulet of regeneration (around neck)
 m - a +6 ring of strength (right hand)
 A - the Hermit's Pendant {Faith Invo=14 Evo=0 MP+5}
   (You found it on level 5 of the Dungeon)

   [amulet of faith]

   Invo=14: It sets your Invocations skill to 14.
   Evo=0: It sets your Evocations skill to 0.
   It allows you to gain divine favour quickly.
   MP:        It affects your magic capacity (+5).
Scrolls
 h - 2 scrolls of torment {unknown}
 j - 8 scrolls of identify {unknown}
 s - 2 scrolls of fear {unknown}
 t - a scroll of teleportation {unknown}
 u - 4 scrolls of enchant weapon {unknown}
 v - a scroll of noise {unknown}
 x - a scroll of enchant armour {unknown}
 y - a scroll of fog {unknown}
Potions
 d - a potion of berserk rage {unknown}
 g - a potion of haste {unknown}
 i - a potion of invisibility {unknown}
 k - 3 potions of lignification {unknown}
 n - a potion of flight {unknown}
 o - 4 potions of curing {unknown}
 q - a potion of attraction {unknown}
 r - a potion of brilliance {unknown}
 w - a potion of ambrosia {unknown}
 z - a potion of degeneration {unknown}


   Skills:
 + Level 6.2 Fighting
 * Level 7.5 Axes
 * Level 7.9 Armour
 + Level 6.2 Shields


You had 7 spell levels left.
You didn't know any spells.
Your spell library contained the following spells:

 Spells                   Type           Power      Damage    Failure   Level
 Kiss of Death            Conj/Necr      0%         2d5       80%         1
 Magic Dart               Conj           0%         1d3       80%         1
 Blink                    Tloc           0%         N/A       90%         2
 Call Imp                 Summ           0%         N/A       90%         2
 Cigotuvi's Dreadful Rot  Necr/Pois/Air  0%         N/A       90%         2
 Lesser Beckoning         Tloc           0%         N/A       90%         2
 Momentum Strike          Conj/Tloc      0%         3d8       90%         2
 Poisonous Vapours        Pois/Air       0%         N/A       90%         2
 Confusing Touch          Hex            0%         N/A       99%         3
 Mephitic Cloud           Conj/Pois/Air  0%         N/A       99%         3
 Dispel Undead            Necr           0%         3d6       100%        4


Dungeon Overview and Level Annotations

Branches:
Dungeon (6/15)             Temple (1/1) D:4

Altars:
Ashenzari
Cheibriados
Dithmenos
Elyvilon
Fedhas
Gozag
Hepliaklqana
Kikubaaqudgha
Okawaru
Sif Muna
Trog
Uskayaw
Vehumet
Wu Jian
Yredelemnul


Innate Abilities, Weirdness & Mutations

You have a pair of horns on your head.
You reflexively headbutt those who attack you in melee.


Message History

No target in view!
No target in view!
No target in view!
No target in view!
No target in view!
No target in view!
There is a strange disturbance nearby!
You slice something!! Your headbutt misses something. Something hits you.
Something bites you.
Something draws strength from your injuries!
You hit something. Something hits you but does no damage. Something bites you.
Something draws strength from your injuries!
You miss something. Something hits you. Something bites you but does no damage.
You closely miss something. You headbutt something.
Something draws life force from you!
You hit something. You headbutt something. Something draws life force from you!
* * * LOW HITPOINT WARNING * * *
Something hits you!
* * * LOW HITPOINT WARNING * * *
Something bites you but does no damage.
You closely miss something.
You hear some strange, mumbled words.
Something tries to affect you, but you resist.
You slash something! Something hits you!
* * * LOW HITPOINT WARNING * * *
Something bites you but does no damage.
Okay, then.
You closely miss something. You headbutt something.
You hear some strange, mumbled words.
Something tries to affect you, but you resist.
You barely miss something. Your headbutt misses something.
You block something's attack. Something bites you.
* * * LOW HITPOINT WARNING * * *
Something draws strength from your injuries!
You closely miss something.
You hear some strange, mumbled words.
You are confused.
Something hits you!
You die...
Your body crumbles into a pile of gold.

........# #.# ######..#
#.# ........# #.#
.###.#..# #.# ...)....#
#.#
......#.######.#######
......................
#.......######.#######..
#.....#.# #..@{......
#######.## ###########
......#..# ###.#.#..####
.............
§...#....####
≈≈..#._....#####
§§..#....#......
≈≈..####........


There were no monsters in sight!

Vanquished Creatures
  Sigmund (D:5)
  Eustachio (D:5)
  Menkaure (D:5)
  An ice beast (D:6)
  An ogre (D:5)
  A phantom (D:4)
  Blork the orc (D:5)
  A necrophage (D:6)
  3 scorpions (D:5)
  4 hounds
  2 iguanas
  An orc wizard (D:4)
  4 gnolls
  5 adders
  3 white imps
  2 ufetubi (D:4)
  4 worms
  A dart slug (D:2)
  5 orcs
  8 endoplasms
  2 giant cockroaches
  10 goblins
  11 hobgoblins
  3 jackals (D:2)
  4 kobolds
  8 quokkas
  6 ball pythons
  A bat (D:3)
  A frilled lizard (D:3)
  7 rats
103 creatures vanquished.

Vanquished Creatures (others)
  2 demonic plants (D:4)
  2 plants (D:2)
4 creatures vanquished.

Grand Total: 107 creatures vanquished

Notes
Turn   | Place    | Note
-------+----------+-------------------------------------------
     0 | D:1      | Citaku the Minotaur Fighter began the quest for the Orb.
     0 | D:1      | Reached XP level 1. HP: 19/19 MP: 0/0
   123 | D:1      | Reached XP level 2. HP: 24/27 MP: 1/1
   529 | D:1      | Reached XP level 3. HP: 33/33 MP: 2/2
  1037 | D:2      | Reached XP level 4. HP: 40/40 MP: 3/3
  2115 | D:3      | Found a hide-covered altar of Uskayaw.
  2398 | D:4      | Noticed a phantom
  2405 | D:4      | Killed a phantom
  2406 | D:4      | Reached skill level 5 in Armour
  2406 | D:4      | Reached XP level 5. HP: 47/47 MP: 4/4
  2452 | D:4      | Found a blossoming altar of Fedhas.
  2498 | D:4      | Found a shadowy altar of Dithmenos.
  2536 | D:4      | Found a staircase to the Ecumenical Temple.
  2553 | Temple   | Entered the Ecumenical Temple
  2567 | Temple   | Became a worshipper of Gozag Ym Sagoz the Greedy
  2933 | D:4      | Reached XP level 6. HP: 51/53 MP: 5/5
  3412 | D:5      | Entered Level 5 of the Dungeon
  3412 | D:5      | Noticed Sigmund
  3419 | D:5      | Reached skill level 5 in Axes
  3420 | D:5      | Killed Sigmund
  3421 | D:5      | Reached skill level 5 in Fighting
  3421 | D:5      | Reached skill level 5 in Shields
  3421 | D:5      | Reached XP level 7. HP: 56/61 MP: 6/6
  3428 | D:5      | Noticed Menkaure
  3432 | D:5      | Noticed Blork the orc
  3438 | D:5      | Killed Menkaure
  3439 | D:5      | Killed Blork the orc
  3444 | D:5      | Noticed Eustachio
  3454 | D:5      | Killed Eustachio
  3455 | D:5      | Reached XP level 8. HP: 65/70 MP: 7/7
  3597 | D:5      | Found the Hermit's Pendant {Faith Invo=14 Evo=0 MP+5}
  3730 | D:5      | Found a snail-covered altar of Cheibriados.
  4081 | D:6      | Found an ornate altar of the Wu Jian Council.
  4212 | D:6      | Found a white marble altar of Elyvilon.
  4362 | D:6      | HP: 3/70 [something (5)]
  4363 | D:6      | Mangled by a vampire

Illustrated notes

Levels and vault maps discovered:
D:1:      lemuel_arrival_room, layout_basic, minmay_heptomino_o4
D:2:      layout_loops_corners, serial_bayou, serial_bayou_pond_b,
          serial_bayou_pond_a, serial_bayou_lagoon_b, serial_bayou_pond_d,
          serial_bayou_pond_e
D:3:      layout_basic, mainiacjoe_overflow_alcove_2
D:4:      layout_basic, nicolae_dithmenos_through_a_glass_darkly,
          mainiacjoe_overflow_paths, minmay_temple_entry_drinking_statues,
          serial_demonic, serial_demonic_e, serial_demonic_c, serial_demonic_b,
          serial_demonic_c, minmay_cut_off
D:5:      layout_rooms, chei_slow_surprise, uniq_menkaure, uniq_eustachio,
          uniq_blork_the_orc, uniq_sigmund
D:6:      layout_basic, mainiacjoe_overflow_brackets,
          mainiacjoe_overflow_chevrons, uniq_grinder
Temple:   jpeg_temple_island

Skill      XL: |  1  2  3  4  5  6  7  8 |
---------------+-------------------------+-----
Armour         | 4 5 6 7 |  7.9
Axes           | 3 4 5 7 |  7.5
Shields        | 4 5 6 |  6.2
Fighting       | 4 5 6 |  6.2

Action                   |  1- 3 |  4- 6 |  7- 9 || total
-------------------------+-------+-------+-------++-------
Melee: War axe           |    63 |    76 |    69 ||   208
       Headbutt          |     7 |    11 |    19 ||    37
  Use: Potion            |       |     1 |     1 ||     2
Armor: Scale mail        |    20 |    39 |    31 ||    90
Dodge: Dodged            |    34 |    23 |    24 ||    81
Block: Buckler           |    13 |     7 |    14 ||    34

Table legend: (Time is in decaauts)
 A = Elapsed time spent in this place.
 B = Non-inter-level travel time spent in this place.
 C = Inter-level travel time spent in this place.
 D = Time resting spent in this place.
 E = Time spent auto-exploring this place.
 F = Levels seen in this place.
 G = Mean time per level.
                   A        B        C        D        E       F      G
               +--------+--------+--------+--------+--------+-----+--------+
         Total |   4482 |   4279 |    203 |      0 |   3438 |   7 |  640.3 |
       Dungeon |   4208 |   4005 |    203 |      0 |   3189 |   6 |  701.3 |
        Temple |    273 |    273 |      0 |      0 |    248 |   1 |  273.0 |
               +--------+--------+--------+--------+--------+-----+--------+

Top non-repeatable levels by time:
     D:2: 942 daAuts
     D:4: 934 daAuts
     D:1: 881 daAuts
     D:3: 548 daAuts
     D:5: 526 daAuts
     D:6: 375 daAuts
  Temple: 273 daAuts
